 Dungeon Crawl Stone Soup version 0.18.1-48-g4cf74bf (webtiles) character file.

18 MajorAdolf the Insei (level 2, 0/22 HPs)
             Began as a Demonspawn Transmuter on Sept 6, 2016.
             Succumbed to a kobold's poison
             ... on level 1 of the Dungeon.
             The game lasted 00:02:29 (1302 turns).

MajorAdolf the Insei (Demonspawn Transmuter)        Turns: 1302, Time: 00:02:29

Health: 0/22       AC:  4    Str: 10    XL:     2   Next: 48%
Magic:  5/5        EV: 12    Int: 14    God:
Gold:   12         SH:  0    Dex: 13    Spells: 1 memorised, 4 levels left

rFire  . . .     SeeInvis .       - Unarmed
rCold  . . .     Gourm    .     b - +0 robe
rNeg   . . .     Faith    .     (no shield)
rPois  .         Spirit   .     (no helmet)
rElec  .         Dismiss  .     (no cloak)
rCorr  .         Reflect  .     (no gloves)
SustAt .         Harm     .     (no boots)
MR     .....                    (no amulet)
Stlth  +.........               (no ring)
                                (no ring)

@: lethally poisoned (0 -> -12), very slightly contaminated, hasted, very quick,
not resistant to hostile enchantments, very unstealthy
A: slimy green scales 1
a: no special abilities


You were on level 1 of the Dungeon.
You were hungry.

You visited 1 branch of the dungeon, and saw 1 of its levels.

You collected 12 gold pieces.

Inventory:

Missiles
 a - 12 arrows
Armour
 b - a +0 robe (worn)
Scrolls
 g - a scroll of remove curse {unknown}
Books
 c - a book of Changes

   Spells                             Type                      Level
   a - Beastly Appendage              Transmutation                1
   b - Sticks to Snakes               Transmutation                2
   c - Spider Form                    Transmutation/Poison         3
   d - Ice Form                       Ice/Transmutation            4
   e - Blade Hands                    Transmutation                5
Comestibles
 d - a bread ration
 f - a meat ration


   Skills:
 + Level 2.2 Fighting
 - Level 1.8 Dodging
 - Level 2.8 Unarmed Combat
 - Level 2.0 Spellcasting
 - Level 1.7 Transmutations


You had 4 spell levels left.
You knew the following spells:

 Your Spells              Type           Power        Failure   Level  Hunger
a - Beastly Appendage     Trmt           #.....       14%         1    ##.....


Dungeon Overview and Level Annotations

Branches:
Dungeon (1/15)

Altars:


Innate Abilities, Weirdness & Mutations

You are partially covered in slimy green scales (AC +2).


Message History

There is a lethal amount of poison in your body!
There is a lethal amount of poison in your body!
There is a lethal amount of poison in your body!
There is a lethal amount of poison in your body!
There is a lethal amount of poison in your body!
There is a lethal amount of poison in your body!
There is a lethal amount of poison in your body!
There is a lethal amount of poison in your body!
There is a lethal amount of poison in your body!
There is a lethal amount of poison in your body!
There is a lethal amount of poison in your body!
There is a lethal amount of poison in your body!
* * * LOW HITPOINT WARNING * * *
You feel sick.
* * * LOW HITPOINT WARNING * * *
You feel sick.
* * * LOW HITPOINT WARNING * * *
You feel sick.
Your horns disappear.
You die...

##+##..)........#.#........#
#......(..#..#....######
#...#####..#.....##
#...#####.[####.##
#......##..## #.#
#......##...# #.#
##.....##'#+###.#
#............#.#
#........@...#.#
#............#.#
######.......#.###########
#....#'##.##........#
#....#..#'##........#
#....##....#........#
#....##....#........'
###)###....#........# #.#
#....#........#


There were no monsters in sight!

Vanquished Creatures
  A giant cockroach (D:1)
  4 hobgoblins (D:1)
  4 kobolds (D:1)
  A ball python (D:1)
  A bat (D:1)
  A giant newt (D:1)
  3 goblins (D:1)
  A rat (D:1)
16 creatures vanquished.

Notes
Turn   | Place    | Note
--------------------------------------------------------------
     0 | D:1      | MajorAdolf the Demonspawn Transmuter began the quest for the Orb.
     0 | D:1      | Reached XP level 1. HP: 15/15 MP: 3/3
   530 | D:1      | Gained mutation: You are partially covered in slimy green scales (AC +2). [demonic ancestry]
   530 | D:1      | Reached XP level 2. HP: 9/22 MP: 1/5
  1298 | D:1      | HP: 1/22 [poisoned by a kobold]
  1302 | D:1      | Succumbed to a kobold's poison

Skill      XL: |  1  2 |
---------------+-------+-----
Fighting       | 2 |  2.2
Dodging        | |  1.8
Unarmed Combat | |  2.8
Spellcasting   | |  2.0
Transmutations | |  1.7

Action                   || total
-------------------------++-------
Melee: Unarmed           ||    76
       Headbutt          ||     8
       Punch             ||     2
       Kick              ||     1
 Cast: Beastly Appendage ||    14
  Use: Potion            ||     1
 Stab: Sleeping          ||     1
  Eat: Chunk             ||     1
Armor: Robe              ||    16
Dodge: Dodged            ||    37
